 Dungeon Crawl Stone Soup version 0.29-a0-414-g5075937ec3 (webtiles) character file.

Game seed: 6953851122650108843

7 zepthen the Charlatan (level 1, -1/9 HPs)
             Began as a Spriggan Artificer on May 15, 2022.
             Was a Follower of Kikubaaqudgha.
             Frozen to death by an endoplasm (4 damage)
             ... on level 1 of the Dungeon.
             The game lasted 00:07:50 (549 turns).

zepthen the Charlatan (Spriggan Artificer)           Turns: 549, Time: 00:07:52

Health: -1/9       AC:  2    Str:  8    XL:     1   Next: 83%
Magic:  2/2        EV: 17    Int: 12    God:    Kikubaaqudgha [*.....]
Gold:   41         SH:  0    Dex: 15    Spells: 0/0 levels left

rFire   . . .      SeeInvis +   a - +0 club
rCold   . . .      Faith    .   (no shield)
rNeg    . . .      Spirit   .   b - +0 robe
rPois   .          Reflect  .   (helmet restricted)
rElec   .          Harm     .   (no cloak)
rCorr   .          Rampage  .   (gloves unavailable)
Will    .....                   (boots unavailable)
Stlth   ++........              (no amulet)
HPRegen 0.03/turn               (no ring)
MPRegen 0.08/turn               (no ring)

@: very quick
A: very small, no large weapons, unfitting armour, see invisible, speed 3
a: Renounce Religion, Receive Corpses


You were on level 1 of the Dungeon.
You worshipped Kikubaaqudgha.
Kikubaaqudgha was aware of your devotion.
You visited 1 branch of the dungeon, and saw 1 of its levels.

You collected 41 gold pieces.

Inventory:

Hand Weapons
 a - a +0 club (weapon)
Missiles
 j - 2 poisoned darts
Armour
 b - a +0 robe (worn)
 h - a +0 robe
Wands
 c - a wand of flame (12) (quivered)
 d - a wand of charming (14)
 e - a wand of iceblast (9)
Scrolls
 f - a scroll of identify {unknown}
 i - 2 scrolls of enchant armour {unknown}
 l - a scroll of immolation {unknown}
Potions
 g - a potion of might {unknown}
 k - 2 potions of haste {unknown}


   Skills:
 + Level 0.7 Fighting
 + Level 3.2 Dodging
 + Level 1.5 Stealth
 + Level 4.6 Evocations


You couldn't memorise any spells.
You didn't know any spells.
Your spell library contained the following spells:

 Spells                   Type           Power      Damage    Failure   Level
 Animate Skeleton         Necr           0%         N/A       32%         1
 Pain                     Necr           0%         1d4       32%         1
 Corpse Rot               Necr/Air       0%         N/A       45%         2
 Agony                    Necr           0%         N/A       100%        5


Dungeon Overview and Level Annotations

Branches:
Dungeon (1/15)

Altars:
Kikubaaqudgha


Innate Abilities, Weirdness & Mutations

You are very small and have problems with some larger weapons.
You are too small for most types of armour.
You have supernaturally acute eyesight. (SInv)
You cover ground extremely quickly. (Speed+++)


Message History

The bat hits you but does no damage.
You barely miss the bat.
The bat is heavily wounded.
The bat closely misses you. The bat hits you but does no damage.
You barely miss the bat.
The bat is heavily wounded.
The bat closely misses you. The bat hits you. The bat barely misses you.
You hit the bat.
You kill the bat!
Kikubaaqudgha accepts your kill.
You see here a bat corpse.
Found 12 gold pieces.
You now have 41 gold pieces (gained 12).
A ball python comes into view.
The ball python hisses angrily.
You barely miss the ball python. The ball python completely misses you.
The ball python closely misses you.
The ball python bites you but does no damage.
The ball python closely misses you.
You barely miss the ball python. The ball python misses you.
The ball python grabs you. The ball python constricts you.
The ball python closely misses you. The ball python constricts you.
You hit the ball python.
You kill the ball python!
Kikubaaqudgha accepts your kill.
Found a scroll labelled MODYAF RUTTO.
l - a scroll labelled MODYAF RUTTO An endoplasm comes into view.
The helpless endoplasm fails to defend itself.
You hit the endoplasm.
The endoplasm is moderately wounded.
The endoplasm freezes you.
You are frozen.
The endoplasm freezes you.
You are frozen.
You die...
Kikubaaqudgha rasps: "You have failed me!
Welcome... death!"

#####.#
#.........##...#####....#
#.###.###.####.#†###...##
#...## #.........# #.#.#
#....# #?..#. #....#.####
#.#.# #..#.# #...#.
####.#.# ## #.#.# #..#.#
#...#. #.#.. ......#
#..#.####...#( #.####
#.######......##...#. #.#
#...J.##...#..##...#. ...
#@......#..##...#. #.#
#..######..##...## #..#
#.##....# #..# ..#..#..
#..# .....##. #..#
##...#### .### ##..# # .
...# ##..#


You could see an endoplasm.

Vanquished Creatures
  A bat (D:1)
  A hobgoblin (D:1)
  A kobold (D:1)
  A ball python (D:1)
  A frilled lizard (D:1)
5 creatures vanquished.

Vanquished Creatures (collateral kills)
  A goblin (D:1)
1 creature vanquished.

Grand Total: 6 creatures vanquished

Notes
Turn   | Place    | Note
-------+----------+-------------------------------------------
     0 | D:1      | zepthen the Spriggan Artificer began the quest for the Orb.
     0 | D:1      | Reached XP level 1. HP: 9/9 MP: 2/2
   390 | D:1      | Found a faded altar of an unknown god.
   397 | D:1      | Prayed at the altar of an unknown god.
   397 | D:1      | Became a worshipper of Kikubaaqudgha
   397 | D:1      | Reached * piety under Kikubaaqudgha
   397 | D:1      | Received a gift from Kikubaaqudgha
   549 | D:1      | Frozen to death by an endoplasm

Illustrated notes

Levels and vault maps discovered:
D:1:      evilmike_arrival_rings, layout_basic,
          dilly_ecumenical_altar_fadedgnrine, corner_web_ring,
          minmay_tetromino_o4

Action                   || total
-------------------------++-------
Melee: Club              ||    19
Evoke: Wand              ||     4
 Stab: Sleeping          ||     1
Armor: Robe              ||     3
Dodge: Dodged            ||    23

Table legend: (Time is in decaauts)
 A = Elapsed time spent in this place.
 B = Non-inter-level travel time spent in this place.
 C = Inter-level travel time spent in this place.
 D = Time resting spent in this place.
 E = Time spent auto-exploring this place.
 F = Levels seen in this place.
 G = Mean time per level.
                   A        B        C        D        E       F      G
               +--------+--------+--------+--------+--------+-----+--------+
         Total |    354 |     86 |    268 |      0 |      0 |   1 |  354.0 |
       Dungeon |    354 |     86 |    268 |      0 |      0 |   1 |  354.0 |
               +--------+--------+--------+--------+--------+-----+--------+

Top non-repeatable levels by time:
     D:1: 354 daAuts
